 Dungeon Crawl Stone Soup version 0.27.0-1-g7a089689b8 (webtiles) character file.

Game seed: 5722462845084884500

100 Sobieck the Chopper (level 4, 37/40 HPs)
             Began as a Deep Dwarf Fighter on Aug 5, 2021.
             Was a Follower of Uskayaw.
             Got out of the dungeon alive.
             The game lasted 00:02:11 (929 turns).

Sobieck the Chopper (Deep Dwarf Fighter)             Turns: 929, Time: 00:02:12

Health: 37/40      AC: 10    Str: 21    XL:     4   Next: 47%
Magic:  4/4        EV:  7    Int:  8    God:    Uskayaw [*.....]
Gold:   76         SH:  9    Dex: 12    Spells: 3/3 levels left

rFire    + . .     SeeInvis .   a - +0 war axe {axe}
rCold    . . .     Faith    .   c - +0 kite shield
rNeg     . . .     Spirit   .   l - +2 scale mail {rF+}
rPois    .         Reflect  .   (no helmet)
rElec    .         Harm     .   (no cloak)
rCorr    .         Rampage  .   (no gloves)
Will     .....                  n - +0 pair of boots
Stlth    ..........             (no amulet)
HPRegen  0.00/turn              (no ring)
MPRegen  0.09/turn              (no ring)

@: no status effects
A: damage resistance, heal wounds, sense surroundings 1, no regeneration
a: Heal Wounds, Renounce Religion, Stomp


You escaped.
You worshipped Uskayaw.
Uskayaw was noncommittal.
You visited 1 branch of the dungeon, and saw 2 of its levels.

You collected 76 gold pieces.


Innate Abilities, Weirdness & Mutations

You are resistant to damage.
You can heal yourself by infusing magical energy.
You passively map a small area around you.
You do not regenerate.


   Skills:
 - Level 2.6 Fighting
 + Level 5.3 Axes
 - Level 3.2 Armour
 - Level 3.2 Shields


You had 3 spell levels left.
You didn't know any spells.
Your spell library was empty.

Inventory:

Hand Weapons
 a - a +0 war axe (weapon) {axe}
 h - a +0 dagger of venom {short}
   (You took it off a goblin on level 1 of the Dungeon)
Missiles
 e - 38 arrows
 f - 15 stones {throwing}
 i - 21 bolts
 k - 33 sling bullets
Armour
 b - a +0 scale mail
 c - a +0 kite shield (worn)
 l - a +2 scale mail of fire resistance (worn)
   (You found it on level 1 of the Dungeon)
 n - a +0 pair of boots (worn)
   (You found it on level 2 of the Dungeon)
Scrolls
 j - a scroll of identify {unknown}
 m - a scroll of noise {unknown}
Potions
 d - a potion of might
 g - 4 potions of curing {unknown}

Dungeon Overview and Level Annotations

Branches:
Dungeon (2/15)

Altars:
Uskayaw

######### ##.#.#.#.####
#.#.#.#.#...# ##.#.#.#.#..# #
#.#.#.#.#...# ######
###.≈≈≈≈≈.#..####.....
##..#≈...≈#........)...
#..#.≈@..≈.#.......####
#...#≈...≈#........#
#..#.≈≈≈≈≈.#......##
#...#.#.#.#.......#####
#..#.#.#.#.#..........#
#######...#.#.#.#......####..
#........#.#.#.#.##...## ###
#...........##....##########.
#.............#.#.######.....


There were no monsters in sight!


Message History

You barely miss the adder. The adder bites you but does no damage.
The adder barely misses you.
You slash the adder!
You kill the adder!
The adder bites you but does no damage.
You have reached level 4!
You feel stronger.
You hit the adder.
You are no longer poisoned.
The adder bites you but does no damage. The adder bites you.
You slash the adder!
You kill the adder!
Your Axes skill increases to level 5!
You slash the rat!
You kill the rat!
Unknown command.
Things that are here:
an adder corpse; an adder corpse; a jackal corpse The ball python hisses angrily.
Found an escape hatch in the floor.
Danger!
A ball python is nearby!
You are too injured to fight recklessly!
You are too injured to fight recklessly!
Unknown command.
You feel much better.
A worm comes into view.
You barely miss the ball python. You block the ball python's attack.
The ball python grabs you. The ball python constricts you.
The ball python bites you but does no damage.
The ball python constricts you.
You hit the ball python. The ball python bites you.
The ball python constricts you. You block the ball python's attack.
The ball python constricts you.
You barely miss the ball python. You block the ball python's attack.
The ball python constricts you. You block the ball python's attack.
The ball python constricts you.
You closely miss the ball python.
The ball python bites you but does no damage.
The ball python constricts you. You block the ball python's attack.
You barely miss the ball python. You slash the ball python!
You kill the ball python!
The ball python bites you but does no damage.
The ball python constricts you. You block the ball python's attack.
The ball python constricts you.
You hit the ball python. You block the ball python's attack.
The ball python constricts you.
The ball python bites you but does no damage.
The ball python constricts you.
Your shield prevents you from hitting the ball python.
You slash the worm!
The ball python bites you but does no damage.
The ball python constricts you. The worm bites you but does no damage.
You block the ball python's attack. The ball python constricts you.
You slash the ball python!
You kill the ball python!
You hit the worm. The worm bites you.
You hit the worm.
You kill the worm!
The adder hisses angrily.
You block the adder's attack.
You barely miss the adder. The adder bites you. You block the adder's attack.
You miss the adder. You block the adder's attack. x2
You miss the adder. You block the adder's attack. The adder closely misses you.
You completely miss the adder. The adder bites you but does no damage.
You block the adder's attack.
You slash the adder!
You kill the adder!
No target in view!
n - a +0 pair of boots Unknown command.
You start putting on your armour.
You continue putting on your +0 pair of boots. x4
You finish putting on your +0 pair of boots.
You see here a +0 robe.
There is an escape hatch in the floor here.
You open the door.
Found a faded altar of an unknown god.
Okay, then.
There is an open door here.
Found a stone staircase leading down.
Unknown command.
There is a faded altar of an unknown god here.
You cannot tell which god this altar belongs to.
Convert to them anyway?
Okay, then.
You cannot tell which god this altar belongs to.
Convert to them anyway?
Uskayaw accepts your prayer! Uskayaw welcomes you!
You can now stomp with the beat.
There is a stone staircase leading up here.
You climb upwards.
There is a stone staircase leading down here.
Unknown command.
You enter the shallow water.
Moving in this stuff is going to be slow.
There is a staircase leading out of the dungeon here.
You can't go down here!
Are you sure you want to leave the Dungeon?
This will make you lose the game!
You have escaped!

Skill      XL: |  1  2  3  4 |
---------------+-------------+-----
Axes           | 3 4 5 |  5.3
Fighting       | |  2.6
Armour         | |  3.2
Shields        | |  3.2

Action                   |  1- 3 |  4- 6 || total
-------------------------+-------+-------++-------
Melee: War axe           |   112 |    17 ||   129
 Abil: Heal Wounds       |     1 |     1 ||     2
Armor: Scale mail        |    54 |     8 ||    62
Dodge: Dodged            |    41 |     1 ||    42
Block: Kite shield       |    62 |    14 ||    76

Levels and vault maps discovered:
D:1:      ncdulo_watergridlock, layout_rooms
D:2:      layout_basic, ebering_ecumenical_altar_webs

Notes
Turn   | Place    | Note
-------+----------+-------------------------------------------
     0 | D:1      | Sobieck the Deep Dwarf Fighter began the quest for the Orb.
     0 | D:1      | Reached XP level 1. HP: 20/20 MP: 1/1
   195 | D:1      | Reached skill level 3 in Axes
   195 | D:1      | Reached XP level 2. HP: 27/27 MP: 2/2
   617 | D:2      | Reached skill level 4 in Axes
   617 | D:2      | Reached XP level 3. HP: 33/33 MP: 3/3
   809 | D:2      | Reached XP level 4. HP: 26/40 MP: 4/4
   811 | D:2      | Reached skill level 5 in Axes
   877 | D:2      | Found a faded altar of an unknown god.
   889 | D:2      | Became a worshipper of Uskayaw the Reveller
   889 | D:2      | Reached * piety under Uskayaw
   929 | D:$      | Got out of the dungeon alive.

Vanquished Creatures
  6 adders (D:2)
  A worm (D:2)
  A dart slug (D:2)
  5 bats
  3 endoplasms
  2 giant cockroaches (D:1)
  4 goblins (D:1)
  3 hobgoblins
  4 jackals (D:2)
  A quokka (D:1)
  3 ball pythons
  A frilled lizard (D:2)
  3 kobolds
  5 rats
42 creatures vanquished.

Table legend:
 A = Non-vault XP
 B = Vault XP
 C = Vault XP percentage of total XP
 D = Non-vault monster count
 E = Vault monster count
 F = Vault count percentage of total count
                 A         B        C        D         E       F
            +---------+---------+-------+---------+---------+-------
      Total |     144 |       0 |   0.0 |      42 |       0 |   0.0
            +---------+---------+-------+---------+---------+-------
        D:1 |      29 |       0 |   0.0 |      18 |       0 |   0.0
        D:2 |     115 |       0 |   0.0 |      24 |       0 |   0.0
            +---------+---------+-------+---------+---------+-------

Illustrated notes

Table legend:
 A = Kills in this place as a percentage of kills in entire the game.
 B = Kills by you in this place as a percentage of kills by you in the entire game.
 C = Kills by friends in this place as a percentage of kills by friends in the entire game.
 D = Other kills in this place as a percentage of other kills in the entire game.
 E = Experience gained in this place as a percentage of experience gained in the entire game.
 F = Experience gained in this place divided by the number of levels of this place that you have seen.
                   A       B       C       D       E      F
               +-------+-------+-------+-------+-------+----------------------
         Total | 100.0 | 100.0 |   N/A |   N/A | 100.0 |  72.0
       Dungeon | 100.0 | 100.0 |   N/A |   N/A | 100.0 |  72.0
               +-------+-------+-------+-------+-------+----------------------

Table legend: (Time is in decaauts)
 A = Elapsed time spent in this place.
 B = Non-inter-level travel time spent in this place.
 C = Inter-level travel time spent in this place.
 D = Time resting spent in this place.
 E = Time spent auto-exploring this place.
 F = Levels seen in this place.
 G = Mean time per level.
                   A        B        C        D        E       F      G
               +--------+--------+--------+--------+--------+-----+--------+
         Total |   1001 |    920 |     81 |    200 |    392 |   2 |  500.5 |
       Dungeon |   1001 |    920 |     81 |    200 |    392 |   2 |  500.5 |
               +--------+--------+--------+--------+--------+-----+--------+

Top non-repeatable levels by time:
     D:1: 631 daAuts
     D:2: 370 daAuts
